[ PARTIDA AOE2 · #506089393 ]
UnrankedMongoles vs Mongols
Equipo del jugador · DERR
Equipo rival · VICT
[ ANÁLISIS DE REPETICIÓN · EXTRAÍDO DE LA PARTIDA GRABADA ]
Feudal
—
Castillos
—
Imperial
—
| APM promedio | 65.6 |
| APM pico | 91 |
| eAPM promedio | 16.5 |
| Aldeanos / militares | 18 / 0 |
Foco
⚔️ 33.0% · 🌾 67.0%
Feudal
—
Castillos
—
Imperial
—
| APM promedio | 72.0 |
| APM pico | 87 |
| eAPM promedio | 17.7 |
| Aldeanos / militares | 18 / 0 |
Foco
⚔️ 25.2% · 🌾 74.8%
Mapa de la partida
Recursos iniciales + cada clic de construcción. Líneas = muros · curvas = relieve. ◆ oro · ⬟ piedra · ● bayas · ✦ reliquia · ◌ hueco del cierre
Tu base
Base de MrGrumpyFace
Terreno inicial suavizado · ◌ = hueco del cierre detectado · pasá el cursor para detalles
Inputs por minuto
— Guthrie_Govan - - MrGrumpyFace
Build order — Guthrie_Govan
27 acciones detectadas en el replay
| 0:00 | Encolar | Villager (Male) |
| 0:00 | Encolar | Villager (Male) |
| 0:00 | Encolar | Villager (Male) |
| 0:01 | Encolar | Villager (Male) |
| 0:02 | Construir | House |
| 0:03 | Construir | House |
| 1:13 | Encolar | Villager (Male) |
| 1:41 | Encolar | Villager (Male) |
| 1:48 | Construir | Lumber Camp |
| 2:09 | Encolar | Villager (Male) |
| 2:29 | Encolar | Villager (Male) |
| 2:55 | Encolar | Villager (Male) |
| 2:56 | Encolar | Villager (Male) |
| 2:59 | Construir | House |
| 3:24 | Encolar | Villager (Male) |
| 3:39 | Construir | House |
| 4:03 | Encolar | Villager (Male) |
| 4:26 | Encolar | Villager (Male) |
| 4:33 | Construir | House |
| 4:45 | Construir | Mill |
| 4:54 | Encolar | Villager (Male) |
| 4:54 | Encolar | Villager (Male) |
| 5:24 | Encolar | Villager (Male) |
| 6:20 | Encolar | Villager (Male) |
| 6:30 | Encolar | Villager (Male) |
| 6:36 | Construir | Mill |
| 7:16 | Investigar | Loom |
Build order — MrGrumpyFace
25 acciones detectadas en el replay
| 0:00 | Encolar | Villager (Male) |
| 0:00 | Encolar | Villager (Male) |
| 0:02 | Construir | House |
| 0:02 | Construir | House |
| 0:08 | Encolar | Villager (Male) |
| 0:10 | Encolar | Villager (Male) |
| 1:23 | Encolar | Villager (Male) |
| 1:46 | Construir | Lumber Camp |
| 2:01 | Encolar | Villager (Male) |
| 2:14 | Encolar | Villager (Male) |
| 2:48 | Encolar | Villager (Male) |
| 3:09 | Encolar | Villager (Male) |
| 3:29 | Encolar | Villager (Male) |
| 3:31 | Construir | House |
| 3:50 | Encolar | Villager (Male) |
| 4:18 | Encolar | Villager (Male) |
| 4:39 | Encolar | Villager (Male) |
| 4:45 | Construir | Mill |
| 5:05 | Encolar | Villager (Male) |
| 5:09 | Encolar | Villager (Male) |
| 5:29 | Investigar | Loom |
| 6:18 | Investigar | Feudal Age |
| 6:42 | Encolar | Villager (Male) |
| 7:12 | Encolar | Villager (Male) |
| 7:25 | Encolar | Villager (Male) |
Cronología de la partida
| 7:26 | Guthrie_Govan · resign |
[ ANÁLISIS IA · 1 CRÉDITO ]
¿Qué pasó realmente en esta partida?
Wolo.gg analiza cada decisión: build order, eco, micro, errores típicos por bracket. Análisis personalizado por WhatsApp o Discord en 30 segundos.
Guía civ
Mongoles
Perfil
Jugador #4224302